General information
- name: BNet
- type: Ladder team game (AT/RT)
- host: Battle.net
- saver: Blahsmack
map: SunrockCove
- players: 6
- length: 80:20
- speed: Fast
- version: 1.21 W3XP
- replay type: Public
» download(321 KB)
Players
team 1 (winner)

»
crazy.peon (
yellow | 27 APM | 959 actions | 35:34)
4 Archmage
1 Summon Water Elemental
2 Blizzard
1 Brilliance Aura
» actions
| Assign group hotkey | 5 | |
| Basic commands | 24 | |
| Build / train | 59 | |
| Enter build submenu | 35 | |
| Enter hero's abilities submenu | 5 | |
| Right click | 463 | |
| Select / deselect | 314 | |
| Use ability | 54 | |
959 total
» units
| Peasant | 19 | |
| Footman | 19 | |
| Rifleman | 12 | |
50 total
» upgrades
» buildings
| Altar of Kings | 2 | |
| Farm | 18 | |
| Barracks | 7 | |
| Scout Tower | 1 | |
| Lumber Mill | 1 | |
| Blacksmith | 2 | |
| Arcane Tower | 1 | |
32 total
» build order
00:08 Altar of Kings
00:10 Altar of Kings
00:13 Farm
00:26 Barracks
01:33 Farm
03:12 Farm
03:16 Scout Tower
03:22 Lumber Mill
05:18 Barracks
05:26 Blacksmith
06:13 Arcane Tower
06:22 Barracks
06:24 Barracks
09:22 Farm
09:26 Farm
10:37 Farm
10:39 Farm
11:17 Farm
22:15 Barracks
22:17 Barracks
22:22 Farm
22:24 Farm
22:30 Farm
22:35 Farm
23:08 Farm
23:11 Farm
23:13 Farm
23:15 Barracks
23:27 Farm
24:00 Farm
24:20 Blacksmith
25:03 Farm

»
King_Fox (
orange | 77 APM | 1299 actions | 16:48)
4 Archmage
2 Summon Water Elemental
2 Brilliance Aura
1 Blood Mage
1 Flame Strike
» actions
| Assign group hotkey | 30 | |
| Basic commands | 2 | |
| Build / train | 61 | |
| Enter build submenu | 21 | |
| Enter hero's abilities submenu | 5 | |
| Give item / drop item | 3 | |
| Remove unit from queue | 1 | |
| Right click | 593 | |
| Select / deselect | 375 | |
| Select group hotkey | 167 | |
| Use ability | 41 | |
1299 total
» units
| Peasant | 13 | |
| Footman | 6 | |
| Rifleman | 6 | |
| Priest | 5 | |
| Gryphon Rider | 6 | |
36 total
» upgrades
| Gunpowder | 1 | |
| Armor | 1 | |
| Lumber Harvesting | 2 | |
| Swords | 2 | |
| Long Rifles | 1 | |
| Priest Training | 2 | |
| Storm Hammers | 1 | |
10 total
» buildings
| Altar of Kings | 1 | |
| Farm | 9 | |
| Barracks | 1 | |
| Blacksmith | 1 | |
| Scout Tower | 1 | |
| Arcane Tower | 1 | |
| Lumber Mill | 1 | |
| Arcane Vault | 1 | |
| Keep | 1 | |
| Town Hall | 1 | |
| Castle | 1 | |
| Arcane Sanctum | 1 | |
| Gryphon Aviary | 2 | |
22 total
» build order
00:19 Altar of Kings
00:33 Farm
00:47 Barracks
01:15 Farm
01:38 Farm
02:12 Blacksmith
02:36 Scout Tower
02:46 Farm
03:52 Arcane Tower
03:59 Farm
05:22 Farm
05:26 Lumber Mill
06:33 Farm
06:40 Arcane Vault
07:34 Keep
09:00 Town Hall
09:49 Farm
10:05 Castle
10:12 Arcane Sanctum
10:18 Gryphon Aviary
10:23 Gryphon Aviary
15:59 Farm
» items
| Scroll of Town Portal | 2 | |
| Periapt of Vitality | 1 | |
| Potion of Lesser Invulnerability | 1 | |
4 total
Blahsmack (
teal | 42 APM | 3365 actions | 80:20)
8 Blood Mage
2 Flame Strike
3 Siphon Mana
1 Summon Phoenix
2 Banish
» actions
| Assign group hotkey | 2 | |
| Basic commands | 77 | |
| Build / train | 259 | |
| Enter build submenu | 86 | |
| Enter hero's abilities submenu | 8 | |
| Give item / drop item | 2 | |
| Remove unit from queue | 1 | |
| Right click | 1474 | |
| Select / deselect | 1077 | |
| Select group hotkey | 4 | |
| Use ability | 374 | |
3365 total
» units
| Peasant | 39 | |
| Goblin Zeppelin | 2 | |
| Goblin Shredder | 2 | |
| Dragonhawk Rider | 15 | |
58 total
» upgrades
| Masonry | 3 | |
| Lumber Harvesting | 2 | |
| Magic Sentry | 1 | |
| Swords | 3 | |
| Armor | 3 | |
| Cloud | 1 | |
| Animal War Training | 1 | |
14 total
» buildings
| Lumber Mill | 7 | |
| Scout Tower | 231 | |
| Guard Tower | 153 | |
| Farm | 15 | |
| Altar of Kings | 4 | |
| Town Hall | 4 | |
| Keep | 2 | |
| Arcane Vault | 3 | |
| Castle | 2 | |
| Arcane Sanctum | 1 | |
| Gryphon Aviary | 7 | |
| Blacksmith | 2 | |
| Barracks | 1 | |
| Arcane Tower | 1 | |
433 total
» build order
00:24 Lumber Mill
00:54 Scout Tower
00:54 Scout Tower
00:55 Scout Tower
00:58 Scout Tower
01:26 Guard Tower
01:30 Guard Tower
01:30 Guard Tower
01:54 Scout Tower
02:25 Guard Tower
02:38 Scout Tower
02:52 Guard Tower
03:28 Guard Tower
04:04 Guard Tower
04:28 Farm
04:29 Farm
04:45 Scout Tower
04:46 Scout Tower
04:47 Scout Tower
05:02 Scout Tower
05:39 Guard Tower
05:39 Guard Tower
05:52 Scout Tower
06:05 Guard Tower
06:05 Guard Tower
06:05 Guard Tower
06:08 Scout Tower
06:13 Scout Tower
06:20 Scout Tower
06:27 Farm
06:32 Guard Tower
06:36 Altar of Kings
06:39 Guard Tower
06:39 Guard Tower
06:42 Altar of Kings
06:46 Guard Tower
06:52 Guard Tower
07:07 Scout Tower
07:08 Scout Tower
07:09 Scout Tower
07:50 Town Hall
08:02 Scout Tower
08:03 Scout Tower
08:04 Scout Tower
08:12 Guard Tower
08:34 Guard Tower
08:58 Guard Tower
10:06 Town Hall
10:14 Keep
10:32 Arcane Vault
12:49 Castle
12:53 Arcane Sanctum
13:18 Gryphon Aviary
13:19 Gryphon Aviary
13:21 Gryphon Aviary
13:25 Blacksmith
13:50 Farm
13:51 Farm
13:52 Farm
13:54 Farm
13:55 Farm
15:23 Scout Tower
15:25 Scout Tower
15:56 Guard Tower
16:00 Scout Tower
16:02 Scout Tower
16:03 Scout Tower
16:05 Guard Tower
16:37 Barracks
16:51 Guard Tower
17:16 Guard Tower
17:20 Scout Tower
17:20 Scout Tower
17:48 Guard Tower
17:49 Guard Tower
17:55 Scout Tower
17:56 Scout Tower
17:57 Scout Tower
17:58 Scout Tower
17:59 Scout Tower
19:21 Lumber Mill
19:58 Lumber Mill
20:00 Scout Tower
20:01 Scout Tower
20:02 Scout Tower
20:56 Town Hall
20:59 Guard Tower
21:56 Guard Tower
22:03 Scout Tower
22:03 Scout Tower
22:05 Scout Tower
22:28 Scout Tower
22:32 Scout Tower
22:33 Guard Tower
22:59 Guard Tower
23:06 Scout Tower
23:08 Scout Tower
23:08 Scout Tower
23:09 Scout Tower
23:10 Scout Tower
23:11 Scout Tower
23:11 Scout Tower
23:18 Farm
23:19 Farm
23:21 Farm
23:22 Farm
23:28 Farm
23:30 Farm
23:32 Farm
23:50 Guard Tower
23:53 Guard Tower
23:56 Scout Tower
23:56 Scout Tower
23:57 Scout Tower
24:38 Guard Tower
24:42 Scout Tower
24:42 Scout Tower
24:43 Scout Tower
25:23 Guard Tower
25:30 Scout Tower
25:31 Scout Tower
25:31 Scout Tower
26:21 Town Hall
26:33 Scout Tower
26:35 Scout Tower
26:36 Scout Tower
26:39 Scout Tower
26:40 Scout Tower
26:41 Scout Tower
26:49 Keep
26:58 Guard Tower
27:06 Scout Tower
27:16 Guard Tower
27:16 Guard Tower
27:36 Scout Tower
27:37 Scout Tower
27:38 Scout Tower
27:40 Scout Tower
27:41 Scout Tower
27:42 Scout Tower
27:44 Scout Tower
27:45 Scout Tower
27:47 Scout Tower
27:48 Scout Tower
27:49 Scout Tower
27:50 Scout Tower
27:53 Guard Tower
27:53 Guard Tower
28:15 Guard Tower
28:25 Guard Tower
28:25 Guard Tower
28:34 Guard Tower
28:37 Guard Tower
28:39 Guard Tower
28:50 Arcane Vault
28:52 Altar of Kings
28:57 Blacksmith
29:09 Scout Tower
29:15 Scout Tower
29:16 Scout Tower
29:17 Scout Tower
29:21 Scout Tower
29:22 Scout Tower
29:25 Scout Tower
29:26 Scout Tower
29:26 Scout Tower
29:28 Scout Tower
29:30 Scout Tower
29:31 Scout Tower
29:33 Scout Tower
29:34 Scout Tower
29:34 Scout Tower
29:35 Scout Tower
29:37 Scout Tower
29:37 Scout Tower
29:39 Scout Tower
29:40 Scout Tower
29:41 Scout Tower
29:42 Guard Tower
29:45 Guard Tower
29:56 Castle
30:04 Scout Tower
30:05 Scout Tower
30:05 Scout Tower
30:06 Scout Tower
30:07 Scout Tower
30:08 Scout Tower
30:09 Scout Tower
30:10 Scout Tower
30:12 Scout Tower
30:13 Scout Tower
30:14 Scout Tower
30:15 Scout Tower
30:23 Scout Tower
30:24 Scout Tower
30:25 Scout Tower
30:26 Scout Tower
30:27 Scout Tower
30:27 Scout Tower
31:00 Scout Tower
31:02 Guard Tower
31:15 Guard Tower
31:16 Guard Tower
31:31 Guard Tower
31:36 Guard Tower
31:38 Scout Tower
31:43 Guard Tower
31:48 Guard Tower
31:51 Guard Tower
31:57 Gryphon Aviary
31:58 Gryphon Aviary
32:13 Guard Tower
32:59 Scout Tower
33:00 Scout Tower
33:01 Scout Tower
33:02 Scout Tower
33:03 Scout Tower
33:03 Scout Tower
33:06 Scout Tower
33:07 Scout Tower
33:08 Scout Tower
33:09 Scout Tower
33:10 Scout Tower
33:11 Scout Tower
33:12 Scout Tower
33:30 Guard Tower
33:43 Guard Tower
34:49 Scout Tower
34:49 Scout Tower
34:51 Scout Tower
34:52 Scout Tower
34:59 Scout Tower
34:59 Scout Tower
35:01 Scout Tower
35:02 Scout Tower
35:03 Scout Tower
35:05 Scout Tower
35:06 Scout Tower
35:09 Scout Tower
35:10 Scout Tower
35:11 Scout Tower
35:11 Scout Tower
35:23 Guard Tower
35:23 Guard Tower
35:41 Guard Tower
35:41 Guard Tower
36:17 Guard Tower
36:18 Guard Tower
36:18 Guard Tower
36:45 Guard Tower
36:45 Guard Tower
36:52 Guard Tower
36:52 Guard Tower
36:52 Guard Tower
37:08 Guard Tower
37:08 Guard Tower
37:09 Guard Tower
37:22 Guard Tower
37:22 Guard Tower
37:22 Guard Tower
37:34 Guard Tower
37:34 Guard Tower
37:35 Guard Tower
37:51 Guard Tower
37:51 Guard Tower
37:59 Guard Tower
37:59 Guard Tower
38:08 Guard Tower
38:08 Guard Tower
38:08 Guard Tower
38:23 Scout Tower
38:24 Scout Tower
38:25 Scout Tower
38:42 Guard Tower
38:42 Guard Tower
39:00 Scout Tower
39:01 Scout Tower
39:02 Scout Tower
39:04 Scout Tower
39:05 Scout Tower
39:06 Scout Tower
39:13 Guard Tower
39:16 Guard Tower
39:33 Guard Tower
39:33 Guard Tower
39:40 Guard Tower
39:40 Guard Tower
39:41 Guard Tower
40:22 Guard Tower
40:29 Guard Tower
41:14 Scout Tower
41:15 Scout Tower
41:16 Scout Tower
41:17 Scout Tower
41:17 Scout Tower
41:19 Scout Tower
41:31 Scout Tower
41:32 Scout Tower
41:33 Scout Tower
41:34 Scout Tower
41:35 Scout Tower
41:35 Scout Tower
42:00 Guard Tower
42:00 Guard Tower
42:22 Scout Tower
42:22 Scout Tower
42:26 Scout Tower
42:34 Guard Tower
42:35 Guard Tower
43:59 Guard Tower
44:02 Guard Tower
44:26 Guard Tower
44:27 Guard Tower
44:27 Guard Tower
44:32 Guard Tower
44:32 Guard Tower
46:24 Guard Tower
50:00 Scout Tower
50:01 Scout Tower
50:01 Scout Tower
50:05 Scout Tower
50:08 Scout Tower
50:14 Scout Tower
50:48 Guard Tower
50:58 Scout Tower
50:59 Scout Tower
51:02 Scout Tower
51:04 Scout Tower
51:04 Scout Tower
51:05 Scout Tower
51:35 Guard Tower
51:35 Guard Tower
52:02 Guard Tower
59:49 Gryphon Aviary
60:51 Lumber Mill
60:58 Lumber Mill
61:12 Arcane Vault
61:17 Altar of Kings
61:35 Gryphon Aviary
62:41 Scout Tower
62:41 Scout Tower
62:45 Scout Tower
62:46 Scout Tower
62:46 Scout Tower
62:47 Scout Tower
62:49 Scout Tower
62:49 Scout Tower
63:00 Scout Tower
63:01 Scout Tower
63:01 Scout Tower
63:05 Scout Tower
63:06 Scout Tower
63:07 Scout Tower
63:12 Scout Tower
63:18 Scout Tower
63:19 Scout Tower
63:20 Scout Tower
63:21 Scout Tower
63:22 Scout Tower
63:23 Scout Tower
63:24 Scout Tower
63:25 Scout Tower
63:26 Scout Tower
63:27 Scout Tower
63:29 Scout Tower
63:30 Scout Tower
63:31 Scout Tower
63:32 Scout Tower
63:35 Guard Tower
63:44 Scout Tower
63:45 Scout Tower
63:47 Scout Tower
63:48 Scout Tower
63:49 Scout Tower
63:50 Scout Tower
64:10 Guard Tower
64:10 Guard Tower
64:20 Guard Tower
64:20 Guard Tower
64:28 Guard Tower
64:28 Guard Tower
64:37 Guard Tower
64:38 Guard Tower
64:50 Guard Tower
65:00 Guard Tower
65:14 Guard Tower
65:19 Guard Tower
65:39 Guard Tower
65:45 Scout Tower
65:46 Scout Tower
65:46 Scout Tower
65:47 Scout Tower
65:49 Guard Tower
65:49 Guard Tower
65:50 Guard Tower
66:17 Guard Tower
66:45 Guard Tower
66:52 Scout Tower
66:54 Scout Tower
66:55 Scout Tower
67:04 Scout Tower
67:05 Scout Tower
67:07 Scout Tower
67:12 Scout Tower
67:13 Scout Tower
67:13 Scout Tower
67:14 Scout Tower
67:44 Guard Tower
67:51 Guard Tower
68:13 Lumber Mill
68:19 Lumber Mill
68:38 Guard Tower
74:00 Scout Tower
74:01 Scout Tower
75:43 Arcane Tower
» items
| Ivory Tower | 14 | |
| Orb of Fire | 1 | |
| Potion of Healing | 1 | |
| Scroll of Town Portal | 1 | |
17 total
team 2 (loser)
mongler (
purple | 12 APM | 786 actions | 65:11)
4 Paladin
1 Holy Light
2 Divine Shield
1 Devotion Aura
» actions
| Assign group hotkey | 4 | |
| Basic commands | 31 | |
| Build / train | 24 | |
| ESC pressed | 26 | |
| Enter build submenu | 15 | |
| Enter hero's abilities submenu | 4 | |
| Give item / drop item | 1 | |
| Right click | 257 | |
| Select / deselect | 341 | |
| Select group hotkey | 17 | |
| Use ability | 66 | |
786 total
» units
» buildings
| Farm | 3 | |
| Barracks | 2 | |
| Altar of Kings | 1 | |
| Scout Tower | 3 | |
| Arcane Tower | 2 | |
| Arcane Vault | 1 | |
| Lumber Mill | 1 | |
13 total
» build order
00:05 Farm
00:07 Barracks
00:34 Barracks
00:47 Altar of Kings
01:13 Farm
01:35 Scout Tower
02:06 Arcane Tower
02:18 Farm
03:35 Arcane Vault
03:50 Scout Tower
04:05 Scout Tower
04:30 Lumber Mill
05:08 Arcane Tower
» items
| Staff of Teleportation | 1 | |
| Scroll of Town Portal | 1 | |
2 total
InfamouS- (
pink | 74 APM | 5937 actions | 80:15)
7 Archmage
3 Blizzard
3 Brilliance Aura
1 Mass Teleport
7 Blood Mage
3 Flame Strike
1 Banish
2 Siphon Mana
1 Summon Phoenix
» actions
| Assign group hotkey | 97 | |
| Basic commands | 311 | |
| Build / train | 130 | |
| ESC pressed | 2 | |
| Enter build submenu | 26 | |
| Enter hero's abilities submenu | 14 | |
| Give item / drop item | 3 | |
| Right click | 1912 | |
| Select / deselect | 1051 | |
| Select group hotkey | 2125 | |
| Use ability | 266 | |
5937 total
» units
| Peasant | 10 | |
| Spell Breaker | 5 | |
| Mortar Team | 9 | |
| Priest | 4 | |
| Dragonhawk Rider | 29 | |
| Goblin Zeppelin | 8 | |
| Siege Engine | 14 | |
79 total
» upgrades
| Masonry | 1 | |
| Lumber Harvesting | 2 | |
| Gunpowder | 3 | |
| Fragmentation Shards | 1 | |
| Cloud | 1 | |
| Flare | 1 | |
| Armor | 2 | |
| Plating | 2 | |
| Barrage | 1 | |
14 total
» buildings
| Altar of Kings | 1 | |
| Farm | 11 | |
| Lumber Mill | 3 | |
| Scout Tower | 2 | |
| Keep | 1 | |
| Guard Tower | 1 | |
| Arcane Vault | 1 | |
| Arcane Tower | 1 | |
| Blacksmith | 1 | |
| Arcane Sanctum | 1 | |
| Workshop | 2 | |
| Castle | 1 | |
| Gryphon Aviary | 1 | |
| Town Hall | 3 | |
30 total
» build order
00:05 Altar of Kings
00:48 Farm
00:57 Lumber Mill
01:40 Farm
02:31 Scout Tower
02:43 Keep
03:00 Guard Tower
03:05 Scout Tower
03:10 Farm
03:32 Arcane Vault
03:54 Arcane Tower
04:44 Blacksmith
05:43 Arcane Sanctum
06:00 Workshop
06:04 Workshop
08:01 Farm
08:09 Farm
09:58 Farm
10:35 Farm
12:04 Castle
13:20 Gryphon Aviary
15:13 Farm
17:26 Farm
17:51 Farm
20:25 Farm
36:53 Town Hall
44:03 Town Hall
50:18 Town Hall
59:10 Lumber Mill
59:27 Lumber Mill
» items
| Lesser Clarity Potion | 2 | |
| Scroll of Regeneration | 4 | |
| Potion of Lesser Invulnerability | 4 | |
| Potion of Healing | 5 | |
| Staff of Teleportation | 1 | |
| Scroll of Healing | 1 | |
17 total
TheLowerValley (
green | 33 APM | 2618 actions | 79:57)
5 Mountain King
3 Storm Bolt
1 Thunder Clap
1 Bash
5 Paladin
2 Holy Light
3 Devotion Aura
» actions
| Assign group hotkey | 19 | |
| Basic commands | 174 | |
| Build / train | 130 | |
| ESC pressed | 5 | |
| Enter build submenu | 49 | |
| Enter hero's abilities submenu | 10 | |
| Remove unit from queue | 2 | |
| Right click | 714 | |
| Select / deselect | 1124 | |
| Select group hotkey | 260 | |
| Use ability | 130 | |
2618 total
» units
| Peasant | 23 | |
| Footman | 4 | |
| Rifleman | 3 | |
| Knight | 10 | |
| Priest | 7 | |
| Siege Engine | 11 | |
| Flying Machine | 1 | |
| Goblin Sapper | 3 | |
| Goblin Zeppelin | 4 | |
| Gryphon Rider | 2 | |
| Mortar Team | 5 | |
| Dragonhawk Rider | 7 | |
80 total
» upgrades
| Swords | 3 | |
| Plating | 3 | |
| Lumber Harvesting | 2 | |
| Priest Training | 2 | |
| Animal War Training | 1 | |
| Barrage | 1 | |
| Flying Machine Bombs | 1 | |
| Cloud | 1 | |
| Long Rifles | 1 | |
| Armor | 2 | |
| Fragmentation Shards | 1 | |
18 total
» buildings
| Altar of Kings | 2 | |
| Farm | 14 | |
| Barracks | 2 | |
| Blacksmith | 1 | |
| Keep | 1 | |
| Lumber Mill | 1 | |
| Castle | 1 | |
| Arcane Sanctum | 1 | |
| Workshop | 2 | |
| Town Hall | 5 | |
| Scout Tower | 10 | |
| Guard Tower | 8 | |
| Gryphon Aviary | 2 | |
| Arcane Vault | 1 | |
51 total
» build order
00:11 Altar of Kings
00:18 Altar of Kings
00:35 Farm
00:49 Barracks
01:14 Farm
01:56 Farm
02:09 Blacksmith
03:50 Keep
03:54 Lumber Mill
04:02 Barracks
04:09 Farm
06:00 Farm
06:28 Castle
06:44 Arcane Sanctum
08:17 Farm
09:22 Farm
10:05 Farm
11:53 Farm
12:59 Farm
15:00 Workshop
15:18 Workshop
15:43 Farm
15:50 Farm
17:29 Farm
17:32 Farm
23:07 Town Hall
27:08 Town Hall
31:00 Scout Tower
31:23 Scout Tower
31:28 Scout Tower
31:31 Guard Tower
31:55 Guard Tower
31:57 Guard Tower
32:20 Town Hall
34:04 Scout Tower
34:12 Scout Tower
34:57 Guard Tower
35:00 Scout Tower
35:04 Scout Tower
35:28 Scout Tower
35:38 Guard Tower
36:03 Guard Tower
36:07 Scout Tower
36:11 Scout Tower
36:37 Guard Tower
36:43 Guard Tower
39:26 Gryphon Aviary
39:47 Gryphon Aviary
45:19 Arcane Vault
58:45 Town Hall
64:04 Town Hall
» items
| Scroll of Town Portal | 5 | |
| Potion of Lesser Invulnerability | 2 | |
| Scroll of Protection | 1 | |
8 total
Chat log
(00:35 / Allies) crazy.peon: melee rush
(00:37 / All) InfamouS-: zzz
(00:39 / All) InfamouS-: nice try
(00:49 / Allies) Blahsmack: pool me
(00:51 / Allies) Blahsmack: gunna tower
(00:55 / Allies) King_Fox: mass foots for rush
(01:09 / Allies) Blahsmack: pool me
(01:13 / Allies) Blahsmack: resources
(01:14 / Allies) Blahsmack: not gold
(01:17 / Allies) Blahsmack: i need wood
(01:18 / Allies) Blahsmack: lumber
(01:47 / Allies) Blahsmack: lumber
(01:50 / Allies) Blahsmack: give me all your lumber
(02:55 / All) mongler: going
(03:43 / Allies) Blahsmack: whats the hold up
(03:47 / Allies) crazy.peon: commin
(05:28 / Allies) crazy.peon: wood
(07:34 / Allies) Blahsmack: orange
(07:36 / Allies) Blahsmack: help yellow
(08:12 / Allies) crazy.peon: wod
(08:20 / Allies) crazy.peon: ty
(14:19 / Allies) crazy.peon: gj with no units guys
(14:38 / Allies) crazy.peon: teal start building
(15:22 / Allies) King_Fox: FUCK YOY
(15:26 / Allies) King_Fox: FUCK YOU NOOB
(15:40 / Allies) crazy.peon: u the noobv
(15:49 / Allies) King_Fox: ALL YOU FUCKING NOOBNS
(16:28 / Allies) crazy.peon: noob
(16:37 / Allies) King_Fox: G\U FUCKING NOOBS
(17:13 / All) InfamouS-: GG
(17:20 / Allies) crazy.peon: get gryphs teal
(17:58 / All) TheLowerValley: teal thinks he has a chance lol
(19:58 / Allies) crazy.peon: gget units we caN WIN STILL'
(20:43 / All) crazy.peon: GG
(20:48 / All) InfamouS-: GG
(20:53 / All) InfamouS-: nice play
(21:05 / Allies) crazy.peon: LET THEM THINK THEY WON
(21:51 / Allies) crazy.peon: R U GONNA DO ANYTHING
(26:54 / Allies) crazy.peon: KILL TIER EXPOS
(29:03 / All) TheLowerValley: fuckng fagg leave
(30:22 / All) crazy.peon: HES TOP AND BOTTOM RIGHT
(30:28 / All) crazy.peon: LOTS OF TOWERS
(31:59 / All) crazy.peon: U GUYS GOT UR WORK CUT OUT FOR U
(32:24 / All) InfamouS-: waste of time
(32:33 / All) crazy.peon: 70 OR 80 TOWERS BOTTOM RIGHT UPGRADED
(32:58 / All) crazy.peon: BOUT 50 ON TOP
(33:16 / All) crazy.peon: USE UR MASS TP
(33:26 / All) crazy.peon: HURRY UP ALREADY
(35:35 / All) Blahsmack: lumber
(43:14 / All) mongler: Dude, can you please leave?
(43:17 / All) Blahsmack: olol
(43:33 / All) mongler: you have no idea how boring this is, i have only my F**** hero
(43:40 / All) Blahsmack: LOL
(45:19 / 7) mongler: this is Unbareable man. green has 7 peons just standing around with over 5 gold mines...
(45:31 / All) Blahsmack: let him mine all the gold
(45:34 / All) Blahsmack: then lose it all
(45:36 / All) Blahsmack: to my towers
(45:42 / All) Blahsmack: and hawks
(45:46 / All) Blahsmack: its standard practice
(45:52 / All) Blahsmack: you morons do it all the time
(45:55 / All) Blahsmack: so fucmking stupid
(46:09 / All) Blahsmack: its like how do you faggots not die when putting on your pantsin the morning
(46:15 / All) Blahsmack: becuase thats how stupid you are
(48:19 / All) Blahsmack: that was stupid
(48:35 / 7) mongler: this has to be the most furstrating game i have ever played...
(48:45 / 7) mongler: they have mass telport.. they have tanks.
(48:50 / All) Blahsmack: you have to be the biggest noobs ive ever plated
(48:52 / All) Blahsmack: played
(48:57 / All) Blahsmack: seriously just quit
(48:58 / All) TheLowerValley: ok plated
(49:06 / All) Blahsmack: quit life while you are at it
(49:10 / All) Blahsmack: ALSO PROTIP
(49:20 / All) Blahsmack: HUMAN TANKS ARE DISADVANTAGED BY HUMAN TOWERS
(49:23 / All) Blahsmack: GG MORON
(49:27 / All) Blahsmack: KEEP MAKING MORE THOUGH
(50:12 / All) mongler: what else would you use in that situation,
(50:19 / All) Blahsmack: id quit
(50:25 / All) Blahsmack: becuase it let the faggot make 100 towers
(50:37 / All) Blahsmack: see thats your first mistake
(50:44 / All) Blahsmack: allwoing your enemy to do what he wants
(52:27 / All) Blahsmack: if i was orc your tanks woudl work
(52:29 / All) Blahsmack: LOL
(52:31 / All) Blahsmack: BUTM IM NOT
(52:33 / All) Blahsmack: AHAHAHHAHAA
(53:44 / All) Blahsmack: so noobs
(53:55 / All) Blahsmack: whats your genuis plan now
(56:19 / All) Blahsmack: see
(56:26 / All) Blahsmack: disadvanteged
(57:34 / All) Blahsmack: probably the dumbvest landing ever
(57:40 / All) Blahsmack: and only to get an empy gold mine
(59:01 / All) mongler: WHY did you have to attack me at the beginning?
(59:07 / All) Blahsmack: for fun
(72:45 / All) Blahsmack: dumb fuck
(72:48 / All) Blahsmack: quit noob
(72:53 / All) InfamouS-: zzz
(72:57 / All) Blahsmack: you are absolutely terrible at this game
(73:00 / All) Blahsmack: go back to korea
(73:01 / All) InfamouS-: zzz
(73:02 / All) Blahsmack: GOOK
(73:04 / All) InfamouS-: 1v1 fuck
(73:11 / All) Blahsmack: we are 1v1ing right now
(73:12 / All) InfamouS-: dun talk so much
(73:16 / All) InfamouS-: are u sure
(73:17 / All) Blahsmack: i talk any time i want noob
(75:33 / All) Blahsmack: noob
(77:57 / All) Blahsmack: blizzard the cliff
(78:01 / All) Blahsmack: real good\
(79:31 / All) TheLowerValley: lol
(79:34 / All) TheLowerValley: fuck this
(79:36 / All) Blahsmack: LOL
(79:38 / All) Blahsmack: noob"
(79:39 / All) TheLowerValley: get a life teal
(79:40 / All) Blahsmack: 2ez
(79:45 / All) TheLowerValley: bitch ass kid
(79:51 / All) TheLowerValley: ill rape you on 1v1